PAAA
BANGOR TRIDENT BASE OGRES @ BAKERSFIELD NOBLES
07/28/2023
 
TOP OF THE 1ST
Bangor Trident Base Ogres batting - Pitching for Bakersfield Nobles : LHP James Scott
Pitching: LHP James Scott
Batting: SHB Juan Ortega 0-0: Swinging Strike
0-1: Ball
1-1: Ball
2-1: Foul Ball, location: 2F
2-2: Foul Ball, location: 2F
2-2: Foul Ball, location: 2F
2-2: Ball
3-2: Base on Balls
Batting: RHB Johnny Foster 0-0: Ball
1-0: Ball
2-0: Called Strike
2-1: SINGLE (Line Drive, 3D)
Juan Ortega to second
Batting: RHB Mike Lyon 0-0: Called Strike
0-1: Swinging Strike
Passed Ball!
Juan Ortega to third
Johnny Foster to second
0-2: Strikes out swinging
Batting: RHB Tom Baker 0-0: SINGLE (Groundball, 4D)
Juan Ortega scores
Johnny Foster to third
Batting: RHB Augusto Rocha 0-0: Ball
Tom Baker steals 2nd base
1-0: Foul Ball, location: 2F
1-1: Swinging Strike
1-2: Ball
2-2: Ball
3-2: Ground out 5-3 (Groundball, 5)
Batting: RHB Sang-yeon Kim 0-0: Ball
1-0: Ball
2-0: Ball
3-0: Base on Balls
Batting: RHB Luis Hernández 0-0: Swinging Strike
0-1: Swinging Strike
0-2: Ball
1-2: Ball
2-2: Ball
3-2: Base on Balls
Johnny Foster scores
Tom Baker to third
Sang-yeon Kim to second
Batting: RHB Gerardo Castillo 0-0: Called Strike
0-1: Ball
1-1: Ball
2-1: Foul Ball, location: 2F
2-2: Ball
3-2: Base on Balls
Tom Baker scores
Sang-yeon Kim to third
Luis Hernández to second
Batting: SHB Bill Becker 0-0: Called Strike
0-1: Fielders Choice at 2nd, 5-4 (Groundball, 5)
Top of the 1st over - 3 run(s), 2 hit(s), 0 error(s), 2 left on base; Bangor Trident Base 3 - Bakersfield 0
BOTTOM OF THE 1ST
Bakersfield Nobles batting - Pitching for Bangor Trident Base Ogres : RHP Grant White
Pitching: RHP Grant White
Batting: LHB Alberto Enríquez 0-0: Called Strike
0-1: Ball
1-1: Fly out, F9 (Line Drive, 9M)
Batting: RHB Manuel Villarreal 0-0: TRIPLE (Flyball, 9LM)
Batting: RHB Lloyd Alberink 0-0: Ball
1-0: Ground out 5-3 (Groundball, 56S)
Manuel Villarreal scores
Batting: LHB Jorge Pérez 0-0: Ball
1-0: Ground out 4-3 (Groundball, 4)
Bottom of the 1st over - 1 run(s), 1 hit(s), 0 error(s), 0 left on base; Bangor Trident Base 3 - Bakersfield 1
TOP OF THE 2ND
Bangor Trident Base Ogres batting - Pitching for Bakersfield Nobles : LHP James Scott
Batting: SHB Juan Ortega 0-0: Swinging Strike
0-1: Ball
1-1: Ball
2-1: Ball
3-1: Foul Ball, location: 2F
3-2: Strikes out swinging
Batting: RHB Johnny Foster 0-0: Ball
1-0: Ground out 4-3 (Groundball, 4M)
Batting: RHB Mike Lyon 0-0: Ground out 5-3 (Groundball, 5)
Top of the 2nd over - 0 run(s), 0 hit(s), 0 error(s), 0 left on base; Bangor Trident Base 3 - Bakersfield 1
BOTTOM OF THE 2ND
Bakersfield Nobles batting - Pitching for Bangor Trident Base Ogres : RHP Grant White
Batting: LHB Gregg Young 0-0: Called Strike
0-1: Ball
1-1: Foul Ball, location: 2F
1-2: Strikes out swinging
Batting: LHB Emery Miller 0-0: Called Strike
0-1: Ball
1-1: Ball
2-1: Foul Ball, location: 2F
2-2: DOUBLE (Line Drive, 8RS)
Batting: RHB Gabriel Maldonado 0-0: Ground out 6-3 (Groundball, 6)
Batting: RHB Arnie Latham 0-0: Called Strike
0-1: Swinging Strike
0-2: Ball
1-2: Foul Ball, location: 2F
1-2: Ball
2-2: Foul Ball, location: 2F
2-2: Foul Ball, location: 2F
2-2: Ground out 6-3 (Groundball, 6)
Bottom of the 2nd over - 0 run(s), 1 hit(s), 0 error(s), 1 left on base; Bangor Trident Base 3 - Bakersfield 1
TOP OF THE 3RD
Bangor Trident Base Ogres batting - Pitching for Bakersfield Nobles : LHP James Scott
Batting: RHB Tom Baker 0-0: DOUBLE (Line Drive, 5L)
Batting: RHB Augusto Rocha 0-0: Ball
1-0: Called Strike
1-1: Fly out, F8 (Flyball, 8RS)
Batting: RHB Sang-yeon Kim 0-0: Ball
1-0: Ball
2-0: Called Strike
2-1: Swinging Strike
2-2: Strikes out swinging
Batting: RHB Luis Hernández 0-0: Swinging Strike
0-1: Fly out, F9 (Flyball, 89XD)
Top of the 3rd over - 0 run(s), 1 hit(s), 0 error(s), 1 left on base; Bangor Trident Base 3 - Bakersfield 1
BOTTOM OF THE 3RD
Bakersfield Nobles batting - Pitching for Bangor Trident Base Ogres : RHP Grant White
Batting: SHB León Estrada 0-0: Called Strike
0-1: Ball
1-1: Ball
2-1: Ball
3-1: Foul Ball, location: 2F
3-2: Foul Ball, location: 2F
3-2: Ground out 1-3 (Groundball, 13)
Batting: LHB Alberto Enríquez 0-0: Called Strike
0-1: Ground out 4-3 (Groundball, 4M)
Batting: RHB Manuel Villarreal 0-0: Foul Ball, location: 2F
0-1: Foul Ball, location: 2F
0-2: Ball
1-2: Foul Ball, location: 2F
1-2: Ball
2-2: Foul Ball, location: 2F
2-2: Foul Ball, location: 2F
2-2: Ball
3-2: Ground out 5-3 (Groundball, 56)
Bottom of the 3rd over - 0 run(s), 0 hit(s), 0 error(s), 0 left on base; Bangor Trident Base 3 - Bakersfield 1
TOP OF THE 4TH
Bangor Trident Base Ogres batting - Pitching for Bakersfield Nobles : LHP James Scott
Batting: RHB Gerardo Castillo 0-0: Ground out 3-1 (Groundball, 34)
Batting: SHB Bill Becker 0-0: Called Strike
0-1: Ball
1-1: DOUBLE (Line Drive, 7LD)
Batting: SHB Juan Ortega 0-0: Ball
1-0: Ball
2-0: Foul Ball, location: 2F
2-1: Ground out 4-3 (Groundball, 34)
Bill Becker to third
Batting: RHB Johnny Foster 0-0: Called Strike
0-1: Fly out, F7 (Flyball, 7M)
Top of the 4th over - 0 run(s), 1 hit(s), 0 error(s), 1 left on base; Bangor Trident Base 3 - Bakersfield 1
BOTTOM OF THE 4TH
Bakersfield Nobles batting - Pitching for Bangor Trident Base Ogres : RHP Grant White
Batting: RHB Lloyd Alberink 0-0: Ground out 6-3 (Groundball, 6M)
Batting: LHB Jorge Pérez 0-0: Ground out 4-3 (Groundball, 4)
Batting: LHB Gregg Young 0-0: Called Strike
0-1: Foul Ball, location: 2F
0-2: Ball
1-2: Ball
2-2: SOLO HOME RUN (Flyball, 89XD), Distance : 392 ft
Batting: LHB Emery Miller 0-0: Swinging Strike
0-1: Called Strike
0-2: Foul Ball, location: 2F
0-2: Ball
1-2: Ball
2-2: Strikes out swinging
Bottom of the 4th over - 1 run(s), 1 hit(s), 0 error(s), 0 left on base; Bangor Trident Base 3 - Bakersfield 2
TOP OF THE 5TH
Bangor Trident Base Ogres batting - Pitching for Bakersfield Nobles : LHP James Scott
Batting: RHB Mike Lyon 0-0: Ball
1-0: Called Strike
1-1: DOUBLE (Line Drive, 7LM)
Batting: RHB Tom Baker 0-0: Foul Ball, location: 2F
0-1: SINGLE (Line Drive, 6)
Mike Lyon to third
Batting: RHB Augusto Rocha 0-0: Foul Ball, location: 2F
0-1: Ball
1-1: Swinging Strike
1-2: Ball
2-2: Foul Ball, location: 2F
2-2: Ball
3-2: Base on Balls
Tom Baker to second
Batting: RHB Sang-yeon Kim 0-0: Ball
1-0: Ball
2-0: Ball
3-0: Called Strike
3-1: Base on Balls
Mike Lyon scores
Tom Baker to third
Augusto Rocha to second
Batting: RHB Luis Hernández 0-0: Ball
1-0: Called Strike
1-1: Called Strike
1-2: Ball
2-2: Ball
3-2: Base on Balls
Tom Baker scores
Augusto Rocha to third
Sang-yeon Kim to second
Batting: RHB Gerardo Castillo 0-0: Ball
1-0: Called Strike
1-1: Ball
2-1: Swinging Strike
2-2: Ball
3-2: Foul Ball, location: 2F
3-2: Strikes out swinging
Pitching: RHP Edgardo Marín
Batting: SHB Bill Becker 0-0: Ball
1-0: Fly out, F9 (Flyball, 9M)
Runner from 3rd tags up, SCORES, throw made
Batting: SHB Juan Ortega 0-0: Ball
1-0: Ball
2-0: Ball
3-0: Called Strike
3-1: Foul Ball, location: 2F
3-2: Ground out U3 (Groundball, 3)
Top of the 5th over - 3 run(s), 2 hit(s), 0 error(s), 2 left on base; Bangor Trident Base 6 - Bakersfield 2
BOTTOM OF THE 5TH
Bakersfield Nobles batting - Pitching for Bangor Trident Base Ogres : RHP Grant White
Batting: RHB Gabriel Maldonado 0-0: Called Strike
0-1: Ball
1-1: Reached on error, E5 (Groundball, 56S)
Batting: RHB Arnie Latham 0-0: Grounds into double play, U6-3 (Groundball, 6M)
Batting: SHB León Estrada 0-0: Ground out 2-3 (Groundball, 23)
Bottom of the 5th over - 0 run(s), 0 hit(s), 1 error(s), 0 left on base; Bangor Trident Base 6 - Bakersfield 2
TOP OF THE 6TH
Bangor Trident Base Ogres batting - Pitching for Bakersfield Nobles : RHP Edgardo Marín
Batting: RHB Johnny Foster 0-0: Ball
1-0: Swinging Strike
1-1: Called Strike
1-2: Ball
2-2: Ball
3-2: Base on Balls
Batting: RHB Mike Lyon 0-0: Ball
1-0: Foul Ball, location: 2F
1-1: Foul Ball, location: 2F
1-2: Strikes out swinging
Batting: RHB Tom Baker 0-0: Ball
1-0: Swinging Strike
1-1: Foul Ball, location: 2F
1-2: Ball
2-2: Foul Ball, location: 2F
2-2: Strikes out swinging
Batting: RHB Augusto Rocha 0-0: Ball
1-0: Called Strike
1-1: Ground out 5-3 (Groundball, 5S)
Top of the 6th over - 0 run(s), 0 hit(s), 0 error(s), 1 left on base; Bangor Trident Base 6 - Bakersfield 2
BOTTOM OF THE 6TH
Bakersfield Nobles batting - Pitching for Bangor Trident Base Ogres : RHP Grant White
Batting: LHB Alberto Enríquez 0-0: Foul Ball, location: 2F
0-1: Ball
1-1: Fly out, F8 (Flyball, 8RXD)
Batting: RHB Manuel Villarreal 0-0: Ball
1-0: Foul Ball, location: 2F
1-1: Foul Ball, location: 2F
1-2: Foul Ball, location: 2F
1-2: Strikes out looking
Batting: RHB Lloyd Alberink 0-0: Ground out 6-3 (Groundball, 6)
Bottom of the 6th over - 0 run(s), 0 hit(s), 0 error(s), 0 left on base; Bangor Trident Base 6 - Bakersfield 2
TOP OF THE 7TH
Bangor Trident Base Ogres batting - Pitching for Bakersfield Nobles : RHP Edgardo Marín
Pitching: LHP Juan Méndez
Batting: RHB Sang-yeon Kim 0-0: Called Strike
0-1: Foul Ball, location: 2F
0-2: Foul Ball, location: 2F
0-2: Foul Ball, location: 2F
0-2: Ball
1-2: Ball
2-2: Ball
3-2: Fly out, F9 (Line Drive, 9S)
Batting: RHB Luis Hernández 0-0: Foul Ball, location: 2F
0-1: Ball
1-1: Swinging Strike
1-2: Foul Ball, location: 2F
1-2: Ball
2-2: Ball
3-2: Base on Balls
Batting: RHB Gerardo Castillo 0-0: Ball
1-0: Ball
2-0: Fly out, F8 (Flyball, 8RXD)
Batting: SHB Bill Becker 0-0: Called Strike
0-1: Called Strike
0-2: Ball
1-2: SINGLE (Line Drive, 56D)
Luis Hernández to second
Batting: SHB Juan Ortega 0-0: Foul Ball, location: 2F
0-1: Ball
1-1: Foul Ball, location: 2F
1-2: Foul Ball, location: 2F
1-2: Foul Ball, location: 2F
1-2: Strikes out swinging
Top of the 7th over - 0 run(s), 1 hit(s), 0 error(s), 2 left on base; Bangor Trident Base 6 - Bakersfield 2
BOTTOM OF THE 7TH
Bakersfield Nobles batting - Pitching for Bangor Trident Base Ogres : RHP Grant White
Batting: LHB Jorge Pérez 0-0: Fly out, F9 (Flyball, 9D)
Batting: LHB Gregg Young 0-0: Fly out, F9 (Line Drive, 89D)
Batting: LHB Emery Miller 0-0: Ball
1-0: Called Strike
1-1: Called Strike
1-2: Ball
2-2: Strikes out looking
Bottom of the 7th over - 0 run(s), 0 hit(s), 0 error(s), 0 left on base; Bangor Trident Base 6 - Bakersfield 2
TOP OF THE 8TH
Bangor Trident Base Ogres batting - Pitching for Bakersfield Nobles : LHP Juan Méndez
Batting: RHB Johnny Foster 0-0: Called Strike
0-1: Foul Ball, location: 2F
0-2: Strikes out swinging
Batting: RHB Mike Lyon 0-0: Called Strike
0-1: SOLO HOME RUN (Flyball, 7D), Distance : 369 ft
Batting: RHB Tom Baker 0-0: Ball
1-0: Called Strike
1-1: Ground out 1-3 (Groundball, 25)
Batting: RHB Augusto Rocha 0-0: Ball
1-0: Ball
2-0: Foul Ball, location: 2F
2-1: Ball
3-1: Swinging Strike
3-2: SINGLE (Line Drive, 56D)
Batting: RHB Sang-yeon Kim 0-0: Called Strike
0-1: Called Strike
0-2: Foul Ball, location: 2F
0-2: Ball
1-2: Ground out U3 (Groundball, 3L)
Top of the 8th over - 1 run(s), 2 hit(s), 0 error(s), 1 left on base; Bangor Trident Base 7 - Bakersfield 2
BOTTOM OF THE 8TH
Bakersfield Nobles batting - Pitching for Bangor Trident Base Ogres : RHP Grant White
Batting: RHB Gabriel Maldonado 0-0: Ball
1-0: Ball
2-0: Called Strike
2-1: Ball
3-1: Base on Balls
Batting: RHB Arnie Latham 0-0: Swinging Strike
0-1: Ball
1-1: Fly out, F2 (Popup, 2RF)
Batting: SHB León Estrada 0-0: Ball
1-0: Grounds into double play, 6-4-3 (Groundball, 6M)
Bottom of the 8th over - 0 run(s), 0 hit(s), 0 error(s), 0 left on base; Bangor Trident Base 7 - Bakersfield 2
TOP OF THE 9TH
Bangor Trident Base Ogres batting - Pitching for Bakersfield Nobles : LHP Juan Méndez
Batting: RHB Luis Hernández 0-0: Ball
1-0: Ball
2-0: Ball
3-0: Called Strike
3-1: Base on Balls
Pitching: RHP Larry Lee
Batting: RHB Gerardo Castillo 0-0: Called Strike
0-1: Foul Ball, location: 2F
0-2: Ball
1-2: Ball
2-2: Strikes out looking
Batting: SHB Bill Becker 0-0: Ball
1-0: Fly out, F4 (Line Drive, 4)
Batting: SHB Juan Ortega 0-0: Ball
1-0: Foul Ball, location: 2F
1-1: SINGLE (Groundball, 4M)
Luis Hernández to second
Batting: RHB Johnny Foster 0-0: Ball
1-0: Swinging Strike
1-1: Foul Ball, location: 2F
1-2: Ball
2-2: Fly out, F5 (Popup, 56)
Top of the 9th over - 0 run(s), 1 hit(s), 0 error(s), 2 left on base; Bangor Trident Base 7 - Bakersfield 2
BOTTOM OF THE 9TH
Bakersfield Nobles batting - Pitching for Bangor Trident Base Ogres : RHP Grant White
Batting: LHB Alberto Enríquez 0-0: Fly out, F9 (Flyball, 89S)
Batting: RHB Manuel Villarreal 0-0: Called Strike
0-1: Ball
1-1: Ground out 4-3 (Groundball, 4)
Batting: RHB Lloyd Alberink 0-0: Called Strike
0-1: Ground out 5-3 (Groundball, 15S)
Bottom of the 9th over - 0 run(s), 0 hit(s), 0 error(s), 0 left on base; Bangor Trident Base 7 - Bakersfield 2
This league is powered by Out of the Park Baseball, the baseball management simulation game for PC, Mac and Linux
Friday, July 8th, 2016 - OOTP Baseball 16.9 Build 39